[Event "ESP-ch Teams Primera 2022"]
[Site "Sanxenxo Pontevedra"]
[Date "2022.09.19"]
[Round "3.8"]
[White "Salgado Lopez, Ivan"]
[Black "Krysa, Leandro"]
[Result "1-0"]
[ECO "C67"]
[WhiteElo "2595"]
[BlackElo "2535"]
[Annotator "TA"]
[PlyCount "67"]
[EventDate "2022.09.17"]
[EventType "team-tourn"]
[EventCountry "ESP"]
[SourceTitle "playchess.com"]
[Source "ChessBase"]
[SourceQuality "1"]
[TimeControl "5400+30"]

1. e4 e5 2. Nf3 Nc6 3. Bb5 Nf6 4. O-O Nxe4 5. Re1 Nd6 6. Nxe5 Be7 7. Bf1 Nxe5 8. Rxe5 O-O 9. Nc3 {C67: Ruy Lopez: Berlin Defence: 4 0-0 Nxe4.} Ne8 10. Nd5 Bd6 11. Re1 c6 ({Much less strong is} 11... Qh4 12. g3 Qd8 13. Ne3 $16) 12. Ne3 Be7 ({Don't take} 12... Qh4 13. g3 Qf6 14. d4 $16) 13. c4 Nc7 14. d4 d5 15. cxd5 Bb4 16. Bd2 Bxd2 17. Qxd2 {Black should prevent dxc6.} Nxd5 18. Nxd5 Qxd5 19. Re5 $5 {[%mdl 4] A promising side line.} Qd6 20. Bc4 Bd7 21. Rae1 b5 22. Bb3 a5 23. a3 a4 24. Ba2 {[#]} h6 $146 ({Predecessor:} 24... Rae8 25. Qf4 Rxe5 26. Rxe5 Be6 27. Bxe6 fxe6 28. Qe4 Re8 29. Rc5 Rd8 30. Rxc6 Qxd4 31. Qxe6+ Kh8 32. g3 h6 33. Rc8 Rxc8 34. Qxc8+ Kh7 35. Qf5+ {1-0 (35) Nepomniachtchi,I (2782)-Grischuk,A (2764) Warsaw 2021}) 25. h3 Rad8 26. Qe3 Rfe8 27. Qf4 Qf6 28. Qxf6 gxf6 29. Rxe8+ Bxe8 $11 {KRB-KRB} 30. Kf1 Kf8 31. Re4 Rb8 32. Rf4 Ke7 33. Re4+ Kf8 $1 34. Rf4 {[%mdl 32768] An interesting draw.  Weighted Error Value: White=0.02 (flawless) /Black=0.02 (flawless) . Loss on time!?} 1-0

[Event "ESP-ch Teams Primera 2022"]
[Site "Sanxenxo Pontevedra"]
[Date "2022.09.19"]
[Round "3.9"]
[White "Ushenina, Anna"]
[Black "Andersen, Mads"]
[Result "0-1"]
[ECO "D27"]
[WhiteElo "2439"]
[BlackElo "2597"]
[Annotator "TA"]
[PlyCount "102"]
[EventDate "2022.09.17"]
[EventType "team-tourn"]
[EventCountry "ESP"]
[SourceTitle "playchess.com"]
[Source "ChessBase"]
[SourceQuality "1"]
[TimeControl "5400+30"]

1. d4 d5 2. c4 dxc4 3. e3 Nf6 4. Bxc4 e6 5. Nf3 c5 6. O-O a6 7. b3 Nbd7 8. Bb2 Be7 {[%emt 0:00:42] BESTDEEP} 9. dxc5 {[%emt 0:03:40] BESTDEEP. D27: Queen's Gambit Accepted: Classical main line: 7 e4!? and 7 a4.} Bxc5 {[%emt 0:00:20] RECAPT} 10. Bd3 {[%emt 0:02:21] [#] CPLX 2.6 14 (Nb1-d2) (=7)} b6 $146 {[%emt 0:05:22] BESTDEEP} ({Predecessor:} 10... O-O 11. Nbd2 b6 12. Ne4 Be7 13. Qc2 g6 14. Rad1 Bb7 15. Ba1 Ra7 16. Qb2 Qa8 {0-1 (47) Zhak,B (2601)-Ruefenacht,M (2488) ICCF email 2015}) 11. Ng5 {[%emt 0:03:21] CPLX 2.2 6 (Qd1-e2) (=7). The position is equal.} Bb7 {[%emt 0:04:17] Inhibits Qf3. CPLX 2.7} 12. Nd2 {[%emt 0:06:37] CPLX 3.1} Be7 {[%emt 0:13:09] BESTDEEP} 13. Qe2 {[%emt 0:05:03] CPLX 3.1 0 (Ra1-c1) (=4)} Nc5 {[%emt 0:11:00] CPLX 3.1} 14. Bc2 {[%emt 0:01:25] BESTDEEP} ({Not} 14. Bc4 $2 b5 15. Rad1 (15. b4 $2 Na4 $19) 15... bxc4 $19) 14... h6 {[%emt 0:00:31] CPLX 3.3 30 (Nf6-d5) (=4)} (14... Nd5 $5 15. Nge4 (15. Bxg7 Rg8 $17) 15... Nxe4 16. Bxe4 O-O $11) 15. Ngf3 {[%emt 0:00:06] EASY} b5 {[%emt 0:14:08] CPLX 2.6 0 (Ra8-c8) (=4)} 16. Rfd1 {[%emt 0:10:27][%cal Od2e4] BESTDEEP} (16. Rac1 {with more complications.} O-O 17. Ne5 Bd6 18. b4) 16... Ncd7 {[%emt 0:09:52] BESTDEEP} 17. Ne5 {[%emt 0:21:59] CPLX 2.3 36 (a2-a4) (=6)} Nxe5 {[%emt 0:04:09] CPLX 3.1} 18. Bxe5 {[%emt 0:00:24][%cal Od2c4] RECAPT} Qb6 {[%emt 0:04:35] BESTDEEP} 19. Nf3 {[%emt 0:05:19] MISSDEEP-Be5-d4 16 (Be5-d4) (=7)} (19. Bd4 $5 Qc6 20. Nf3 $11) 19... Rc8 {[%emt 0:03:13] CPLX 2.6} 20. Bd4 {[%emt 0:09:48] Inhibits Qc5. CPLX 2.7 16 (Bc2-d3) (=7)} Bc5 {[%emt 0:03:55] CPLX 2.8 33 (Qb6-c7) (=5)} (20... Qc7 $5 21. Bd3 Ba3 $11) 21. Bb2 {[%emt 0:00:44] CPLX 2.5 20 (Bd4xf6) (=8)} Ke7 {[%emt 0:01:48] CPLX 2.5 43 (Bc5-b4) (=8)} 22. Rac1 {[%emt 0:03:38] CPLX 3.5 41 (Bc2-d3) (=11)} Rhd8 {[%emt 0:01:07] CPLX 3.5 8 (Bc5-d6) (=8)} 23. Rxd8 {[%emt 0:00:46] CPLX 3.8 10 (Bc2-d3) (=11)} (23. Bd3 {keeps more tension.} Bb4 24. Ne5 Rxc1 25. Rxc1 Qd6 26. Bd4) 23... Rxd8 {[%emt 0:04:03] RECAPT} 24. Bb1 {[%emt 0:02:29] CPLX 2.4 11 (Nf3-e5) (=11)} Ke8 {[%emt 0:05:48] CPLX 2.5 18 (Ke7-f8) (=8)} 25. h3 {[%emt 0:01:02] CPLX 2.4} Be7 {[%emt 0:01:21] CPLX 2.4 15 (Ke8-f8) (=8)} 26. Bd4 {[%emt 0:09:00] CPLX 2.4 20 (Nf3-e5) (=11)} Qd6 {[%emt 0:00:12] CPLX 2.7 22 (Qb6-a5) (=9)} 27. Ne5 {[%emt 0:02:48] BESTDEEP} Rc8 $2 {[%emt 0:05:08] RELBLUND 164 (Ke8-f8) (=17)} (27... Kf8 $11 {and Black stays safe.}) 28. Rxc8+ $18 {[%emt 0:03:37] EASY} Bxc8 {[%emt 0:00:02] [#] RECAPT} 29. Bd3 {[%emt 0:01:43] MISSDEEP-Bb1-g6 145 (Bb1-g6) (=16)} (29. Bg6 $1 $18 ) 29... Kf8 {[%emt 0:04:27] MISS-Bc8-b7 3 (Bc8-b7) (=15)} 30. Qf3 {[%emt 0:01:59] CPLX 2.4 18 (Qe2-c2) (=16)} Qd5 {[%emt 0:00:31] Inhibits Qa8. CPLX 3.0} 31. Qxd5 {[%emt 0:00:31] CPLX 3.0 0 (Bd3-e2) (=15)} Nxd5 {[%emt 0:00:09] RECAPT} 32. a4 {[%emt 0:00:28] CPLX 2.0 4 (Bd3-e4) (=15)} Nb4 {[%emt 0:01:45] CPLX 2.0} 33. Be4 {[%emt 0:00:55] CPLX 2.0 8 (Bd3-f1) (=15)} Bd6 {[%emt 0:01:02] CPLX 2.0} 34. axb5 {[%emt 0:01:07] CPLX 2.0 0 (f2-f4) (=14)} axb5 {[%emt 0:00:03] RECAPT} 35. f4 {[%emt 0:01:40] BESTDEEP} f6 {[%emt 0:00:31] CPLX 2.0} 36. Nf3 {[%emt 0:00:45] CPLX 2.0 8 (Ne5-d3) (=13)} Ke7 {[%emt 0:00:52] CPLX 2.0 6 (Nb4-a6) (=12)} 37. Kf2 {[%emt 0:00:21] CPLX 2.0 2 (Nf3-e5) (=13)} g5 {[%emt 0:00:54] CPLX 2.0 4 (Nb4-a6) (=12)} 38. g3 {[%emt 0:00:15] CPLX 2.1 4 (Nf3-e5) (=13)} Bd7 {[%emt 0:00:29] CPLX 2.1 4 (Nb4-a6) (=11)} 39. h4 {[%emt 0:00:51] CPLX 2.0 5 (Nf3-e5) (=12)} g4 {[%emt 0:00:25] BESTDEEP} 40. Nd2 {[%emt 0:00:37] CPLX 2.1 12 (Nf3-e5) (=12)} e5 {[%emt 0:01:02] CPLX 2.0 17 (f6-f5) (=11)} 41. fxe5 {[%emt 0:00:14] CPLX 2.3} fxe5 {[%emt 0:00:16] RECAPT} 42. Bc3 {[%emt 0:01:06] CPLX 2.1 20 (Bd4-b2) (=12)} Be6 {[%emt 0:00:42] CPLX 2.0 21 (Nb4-c6) (=11)} 43. Ke2 {[%emt 0:00:20] CPLX 2.0 21 (Bc3-b2) (=12)} Na6 {[%emt 0:01:19] CPLX 2.0 19 (Nb4-d5) (=11)} (43... Nd5 $5 44. Bb2 b4 $11) 44. Bd3 {[%emt 0:00:30] CPLX 2.0 15 (Bc3-a5) (=13)} b4 {[%emt 0:00:41] CPLX 2.0} 45. Bb2 {[%emt 0:00:32] RELBLUND 136 (Bd3xa6) (=16)} (45. Bxa6 $11 bxc3 46. Ne4) 45... Nc5 $17 {[%emt 0:00:06] EASY} 46. Bc2 {[%emt 0:00:29] CPLX 2.1} Bd5 {[%emt 0:01:12] CPLX 2.0 62 (h6-h5) (=12)} (46... h5 $142 47. Bg6 Bf7 48. Bxf7 Kxf7) 47. e4 {[%emt 0:00:39] CPLX 2.0 9 (h4-h5) (=15)} Bc6 {[%emt 0:00:13] aiming for ...Bb5+. Black is more active. CPLX 2.1 38 (Bd5-f7) (=13)} 48. Ke3 {[%emt 0:00:28] CPLX 2.0 119 (Nd2-c4) (=18)} (48. Nc4 $15) 48... Bb5 $19 {[%emt 0:00:20] BESTDEEP} 49. Bd1 $2 {[%emt 0:00:26][%mdl 8192] MISSDEEP-Bb2-c1 400 (Bb2-c1) (=27)} (49. Bc1 $17) 49... Nd3 {[%emt 0:00:36] ( -> ...Bc5+). EASY} 50. Ba1 {[%emt 0:00:26] RELBLUND 400 (Nd2-f1) (=36)} Bc5+ {[%emt 0:00:09] EASY} 51. Ke2 {[%emt 0:00:05] RELBLUND 1 (Ba1-d4) (=35)} Nf4+ {[%emt 0:00:10] Black used his chance.  Weighted Error Value: White=0.43/Black=0.16 (very precise)} 0-1

[Event "ESP-ch Teams Primera 2022"]
[Site "Sanxenxo Pontevedra"]
[Date "2022.09.19"]
[Round "3.10"]
[White "Gomez Dieguez, David"]
[Black "Ladron De Guevara Pinto, Paolo"]
[Result "1/2-1/2"]
[ECO "C91"]
[WhiteElo "2332"]
[BlackElo "2429"]
[Annotator "TA"]
[PlyCount "64"]
[EventDate "2022.09.17"]
[EventType "team-tourn"]
[EventCountry "ESP"]
[SourceTitle "playchess.com"]
[Source "ChessBase"]
[SourceQuality "1"]
[TimeControl "5400+30"]

1. e4 e5 2. Nf3 Nc6 3. Bb5 a6 4. Ba4 Nf6 5. O-O Be7 6. Re1 b5 7. Bb3 d6 8. c3 O-O 9. d4 Bg4 10. Be3 Bh5 11. Nbd2 {EASY} d5 {BESTDEEP. C91: Closed Ruy Lopez: 7...d6 8 c3 0-0 9 d4.} 12. Bg5 {[#] Strongly threatening Bxf6. CPLX 2.7 18 (e4xd5) (=9)} (12. exd5 {feels hotter.} Nxd5 13. dxe5 Nxe5 14. Bd4) 12... exd4 {BESTDEEP} 13. exd5 {EASY} dxc3 {CPLX 3.1} 14. dxc6 {BESTDEEP} cxd2 {EASY} 15. Qxd2 {RECAPT} Qxd2 {RECAPT} 16. Bxd2 {RECAPT} Bd6 {[#] CPLX 2.2 8 (Rf8-e8) (=1)} 17. Ne5 $146 {CPLX 2.1 11 (Nf3-h4) (=4)} ({Predecessor:} 17. Nh4 Rad8 18. Bc3 Bg4 19. h3 Bc8 20. Nf3 h6 21. a4 b4 22. Bxf6 gxf6 23. a5 Rfe8 24. Bc4 Kf8 25. b3 Rxe1+ 26. Rxe1 {½-½ (36) Ponomariov,R (2712)-Svidler,P (2756) Khanty-Mansiysk 2017}) 17... Ng4 {CPLX 2.5 12 (Rf8-e8) (=3)} 18. Nf3 {CPLX 3.2 27 (Ne5-d7) (=7)} Nf6 {CPLX 2.5 23 (Bd6-c5) (=5)} 19. Ne5 {CPLX 2.1 8 (Nf3-h4) (=7)} Ng4 {BESTDEEP} 20. Bf4 {CPLX 3.2 23 (Ne5-d7) (=9)} Nxe5 {CPLX 2.9. The position is equal.} 21. Bxe5 {RECAPT} Rfd8 {CPLX 2.0} 22. Bxd6 {BESTDEEP} Rxd6 {RECAPT} 23. Re7 {CPLX 2.0 20 (Re1-e5) (=8)} Rc8 {CPLX 2.0} 24. Rc1 {BESTDEEP} Kf8 {BESTDEEP} 25. Rd7 {CPLX 2.0} Rxd7 {BESTDEEP} 26. cxd7 $11 {[%mdl 4096] Endgame KRB-KRB. RECAPT} Rd8 {CPLX 2.8} 27. Rxc7 {CPLX 2.6 0 (Rc1-c5) (=6)} Ke7 {BESTDEEP} 28. f3 {CPLX 2.7 0 (Rc7-a7) (=6)} Rxd7 {CPLX 2.7} 29. Rc6 {CPLX 2.0} Rd6 {CPLX 2.0} 30. Rc7+ {CPLX 2.0 0 (Rc6-c8) (=5)} Rd7 {CPLX 2.0} 31. Rc6 {CPLX 2.0 0 (Rc7-c5) (=5)} Rd6 {CPLX 2.0} 32. Rc7+ {CPLX 2.0 0 (Rc6-c5) (=5)} Rd7 {An even fight not without its subleties.  Weighted Error Value: White=0.07 (flawless) /Black=0.02 (flawless)} 1/2-1/2

[Event "ESP-ch Teams Primera 2022"]
[Site "Sanxenxo Pontevedra"]
[Date "2022.09.19"]
[Round "3.11"]
[White "Alshameary Puente, Ismael"]
[Black "Del Prado Rodriguez, Xulio"]
[Result "1/2-1/2"]
[ECO "A45"]
[WhiteElo "2332"]
[BlackElo "2281"]
[Annotator "TA"]
[PlyCount "91"]
[EventDate "2022.09.17"]
[EventType "team-tourn"]
[EventCountry "ESP"]
[SourceTitle "playchess.com"]
[Source "ChessBase"]
[SourceQuality "1"]
[TimeControl "5400+30"]

1. d4 Nf6 2. Bf4 b6 3. e3 Bb7 4. Nf3 g6 5. c4 Bg7 {CPLX 2.0 1 (d7-d6) (=1)} 6. Nc3 {CPLX 2.0 6 (Bf1-e2) (=6). A47: 1 d4 Nf6 2 Nf3 b6: Torre, London and Colle Systems.} O-O {[%emt 0:19:37] CPLX 2.1 11 (d7-d6) (=6)} 7. h3 {[%emt 0:10:49] CPLX 2.1 13 (Bf1-e2) (=10)} d5 {[%emt 0:00:30] CPLX 2.2 1 (d7-d6) (=4)} 8. Rc1 {[%emt 0:08:25] BESTDEEP} c5 {[%emt 0:06:39] BESTDEEP} 9. dxc5 {[%emt 0:00:30] BESTDEEP} bxc5 {[%emt 0:03:21][%cal Od5d4] RECAPT} 10. cxd5 {[%emt 0:00:56] CPLX 2.5 5 (Qd1-b3) (=5)} (10. Qb3 {feels hotter.} Qb6 11. Nxd5 Nxd5 12. cxd5 Qxb3 13. axb3 Bxd5 14. Rxc5 e6 15. Be2) 10... Nxd5 {[%emt 0:00:30] RECAPT} 11. Be5 {[%emt 0:00:30] [#] CPLX 2.9 31 (Qd1-b3) (=9)} (11. Qb3 {keeps more tension.} Bc6 12. Be5 e6 13. Bxg7 Kxg7 14. Nxd5 Bxd5 15. Qc3+) 11... Nxc3 $146 {[%emt 0:00:30] CPLX 3.2 9 (Bg7xe5) (=3)} (11... Bxe5 {with more complications.} 12. Nxe5 Qc7 13. Qb3 Nf6) ({Predecessor:} 11... Nf6 12. Qxd8 Rxd8 13. Bb5 Nc6 14. Bxf6 Bxf6 15. Na4 Ne5 16. Nxe5 Bxe5 17. O-O Rab8 {½-½ (61) Tomashevsky,E (2714)-Nepomniachtchi,I (2714) Sochi 2014}) 12. Qxd8 {[%emt 0:00:30] CPLX 5.0} (12. Bxc3 {seems wilder.} Qxd1+ 13. Rxd1 Bxc3+ 14. bxc3 Kg7 15. Rd2) 12... Rxd8 {[%emt 0:00:30] RECAPT} 13. Bxc3 {[%emt 0:00:30] BESTDEEP} Bxc3+ {[%emt 0:00:30] CPLX 2.3 10 (Nb8-c6) (=4)} 14. Rxc3 {[%emt 0:00:30] RECAPT} Bxf3 {[%emt 0:00:30] MISS-Nb8-d7 6 (Nb8-d7) (=4)} 15. gxf3 {[%emt 0:00:30] RECAPT} Nd7 {[%emt 0:00:30] CPLX 2.0 11 (Rd8-d6) (=4)} 16. Be2 {[%emt 0:00:30] CPLX 2.0 4 (Ke1-d1) (=5)} Rab8 {[%emt 0:00:30] CPLX 2.0} 17. b3 {[%emt 0:00:30] CPLX 2.0 3 (Rc3-c2) (=5)} e6 {[%emt 0:00:30] CPLX 2.0} 18. O-O {[%emt 0:00:30] CPLX 2.0 0 (f3-f4) (=5)} Kf8 {[%emt 0:00:30] CPLX 2.0 9 (Nd7-f6) (=4)} 19. Rd1 {[%emt 0:00:30] CPLX 2.0 8 (f3-f4) (=5)} Ke7 {[%emt 0:00:30] CPLX 2.1} 20. Kf1 {[%emt 0:00:30] CPLX 2.2 5 (f3-f4) (=5)} Rdc8 {[%emt 0:00:30] CPLX 2.1 6 (Rb8-b4) (=4)} 21. Rdc1 {[%emt 0:00:30] CPLX 2.1} Rc6 {[%emt 0:00:30] BESTDEEP} 22. Rd1 {[%emt 0:00:30] CPLX 2.0 29 (Kf1-g2) (=6)} Rcb6 {[%emt 0:00:30] CPLX 2.1 15 (Rc6-c8) (=4)} 23. f4 {[%emt 0:00:30] CPLX 2.1} a5 {[%emt 0:00:30] CPLX 2.2 8 (Rb6-b4) (=5)} 24. Bc4 {[%emt 0:00:30] CPLX 2.2 18 (Rd1-a1) (=6)} Rd6 {[%emt 0:00:30] CPLX 2.1} 25. Rxd6 {[%emt 0:00:30] CPLX 2.4 2 (Bc4-d3) (=6)} Kxd6 $11 {[%emt 0:00:30][%mdl 4096] Endgame KRB-KRN. RECAPT} 26. a4 {[%emt 0:00:30] BESTDEEP} Nb6 {[%emt 0:00:30] CPLX 2.0 0 (Rb8-b4) (=4)} 27. Bb5 {[%emt 0:00:30] CPLX 2.0 0 (Rc3-d3) (=6)} Nd5 {[%emt 0:00:30] CPLX 2.0 0 (f7-f5) (=4)} 28. Rc1 {[%emt 0:00:30] CPLX 2.4} Rd8 {[%emt 0:00:30] CPLX 2.2 0 (f7-f5) (=4)} 29. Ke2 {[%emt 0:00:30] CPLX 2.1} Nc7 {[%emt 0:00:30] BESTDEEP} 30. Bc4 {[%emt 0:00:30] CPLX 2.1 0 (Rc1-d1) (=5)} Kc6 {[%emt 0:00:30] BESTDEEP} 31. h4 {[%emt 0:00:30] CPLX 2.0 0 (Rc1-d1) (=5)} h5 {[%emt 0:00:30] CPLX 2.0} 32. Rg1 {[%emt 0:00:30] CPLX 2.0 0 (Ke2-f3) (=5)} Rd7 {[%emt 0:00:30] CPLX 2.0 10 (Nc7-d5) (=3)} 33. Rg5 {[%emt 0:00:30] CPLX 2.0 10 (Ke2-f3) (=5)} Kb6 {[%emt 0:00:30] CPLX 2.1 28 (Rd7-d8) (=4)} 34. e4 {[%emt 0:00:30] aiming for f5. BESTDEEP} Rd4 {[%emt 0:00:30] CPLX 2.1} 35. f3 {[%emt 0:00:30] BESTDEEP} Kc6 {[%emt 0:00:30] CPLX 2.2 26 (Nc7-e8) (=5)} 36. Ke3 {[%emt 0:00:30] CPLX 2.3 36 (Ke2-f2) (=5)} Kd6 $1 {[%emt 0:00:30] CPLX 2.5} 37. f5 {[%emt 0:00:30] CPLX 2.6} gxf5 {[%emt 0:00:30] CPLX 2.9} 38. Rxh5 {[%emt 0:00:30] EASY} fxe4 {[%emt 0:00:30] CPLX 2.7} 39. fxe4 {[%emt 0:00:30] RECAPT} f5 {[%emt 0:00:30] CPLX 2.5 22 (Nc7-a8) (=5)} 40. exf5 {[%emt 0:00:30] EASY} exf5 {[%emt 0:00:30] RECAPT} 41. Rxf5 {[%emt 0:00:30] [#] Strongly threatening h5. CPLX 2.5 27 (Ke3-f3) (=5)} Rxh4 {[%emt 0:00:30] EASY. The position is equal.} 42. Rf6+ {[%emt 0:00:30] CPLX 2.0 3 (Ke3-f2) (=5)} Ke5 {[%emt 0:00:30] EASY} 43. Rc6 {[%emt 0:00:30][%csl LRc5,LRc7] CPLX 2.2 0 (Rf6-f3) (=5)} Nd5+ {[%emt 0:00:30] EASY} 44. Kf2 {[%emt 0:00:30] CPLX 2.2 0 (Ke3-d2) (=5)} Ke4 {[%emt 0:00:30] CPLX 2.0 8 (Ke5-d4) (=5)} 45. Rd6 {[%emt 0:00:30] CPLX 2.0 8 (Rc6xc5) (=5)} Rh5 {[%emt 0:00:30] CPLX 2.0 0 (Nd5-f4) (=4)} 46. Rxd5 {[%emt 0:00:30] Weighted Error Value: White=0.06 (flawless) /Black=0.05 (flawless)} 1/2-1/2

[Event "ESP-ch Teams Primera 2022"]
[Site "Sanxenxo Pontevedra"]
[Date "2022.09.19"]
[Round "3.12"]
[White "Hernandez Estevez, Yudania"]
[Black "Calzetta Ruiz, Monica"]
[Result "0-1"]
[ECO "B27"]
[WhiteElo "2199"]
[BlackElo "2227"]
[Annotator "RC"]
[PlyCount "128"]
[EventDate "2022.09.17"]
[EventType "team-tourn"]
[EventCountry "ESP"]
[SourceTitle "playchess.com"]
[Source "ChessBase"]
[SourceQuality "1"]
[TimeControl "5400+30"]

1. e4 c5 2. Nf3 g6 3. d4 cxd4 4. Qxd4 Nf6 5. e5 Nc6 6. Qa4 Nd5 7. c4 Nc7 8. Bf4 Bg7 9. Nc3 Ne6 10. Bg3 b6 11. Be2 Bb7 12. O-O g5 13. Rfe1 h5 14. h3 Qb8 15. c5 bxc5 16. Rad1 Ncd4 17. Nxd4 cxd4 18. Rxd4 Bc6 19. Qc4 h4 20. Bh2 Nxd4 21. Qxd4 Qb7 22. Bf1 Rc8 23. Qd2 Rh6 24. f3 Kf8 25. Bd3 f6 26. exf6 Bxf6 27. Be5 Qb6+ 28. Kh1 Qc5 29. Bxf6 Rxf6 30. Re3 g4 31. fxg4 Rb8 32. b3 Rb4 33. Nd1 Rbf4 34. Kg1 Qd6 35. Qc3 Qd5 36. Qc2 Rf2 37. Qxf2 Rxf2 38. Kxf2 Qxg2+ 39. Ke1 Qxa2 40. Be2 Bd5 41. b4 Qb1 42. b5 Bb3 43. Rd3 d6 44. Rd2 Qa1 45. Kf2 Qa5 46. Rd3 Bf7 47. Rf3 Kg7 48. Ne3 e6 49. Nc4 Qb4 50. g5 Bg6 51. Ra3 Qc5+ 52. Kf1 Bf5 53. Ke1 d5 54. b6 dxc4 55. Rxa7+ Kg6 56. Rc7 Qxb6 57. Rxc4 Qg1+ 58. Kd2 Qxg5+ 59. Ke1 Bxh3 60. Rc8 Qg1+ 61. Kd2 Qd4+ 62. Ke1 Bf5 63. Rc4 Qg1+ 64. Kd2 h3 0-1

[Event "ESP-ch Teams Primera 2022"]
[Site "Sanxenxo Pontevedra"]
[Date "2022.09.19"]
[Round "3.13"]
[White "Pulvett Marin, Daniel Eduardo"]
[Black "Reinaldo Castineira, Roi"]
[Result "*"]
[ECO "E11"]
[WhiteElo "2497"]
[BlackElo "2496"]
[Annotator "TA"]
[PlyCount "75"]
[EventDate "2022.09.17"]
[EventType "team-tourn"]
[EventCountry "ESP"]
[SourceTitle "playchess.com"]
[Source "ChessBase"]
[SourceQuality "1"]
[TimeControl "5400+30"]

1. d4 e6 2. c4 Nf6 3. Nf3 Bb4+ 4. Nbd2 a5 5. g3 b6 6. Bg2 Bb7 7. O-O O-O {CPLX 2.3 6 (d7-d5) (=6)} 8. Nb1 {[%cal Oc4c5] BESTDEEP. E16: Queen's Indian: 4 g3 Bb7 5 Bg2 Bb4+.} Be7 {CPLX 2.3 4 (Bb4-d6) (=5)} 9. Re1 {CPLX 2.1 10 (Nb1-c3) (=5)} Bb4 {BESTDEEP} 10. Rf1 {CPLX 2.5 19 (Bc1-d2) (=10). The position is equal.} Be7 {BESTDEEP} 11. Bf4 {CPLX 2.1 16 (Nb1-c3) (=11)} Nh5 {CPLX 2.2 22 (d7-d5) (=6)} 12. Bd2 {[#] CPLX 2.5} Nf6 $146 {CPLX 2.3 0 (d7-d5) (=5)} ({Predecessor:} 12... f5 13. Nc3 Nf6 14. Qc2 Bb4 15. a3 Bxc3 16. Bxc3 Be4 17. Qd1 a4 18. Nd2 Bxg2 19. Kxg2 d6 20. Qc2 Qe8 {½-½ (32) Alieva,E (1925)-Khugashvili,T Ivano Frankivsk 1981}) 13. Nc3 {EASY} Bb4 {CPLX 2.1 0 (Nf6-e4) (=5)} 14. Rc1 {CPLX 2.3 11 (d4-d5) (=8)} d6 {CPLX 2.4} 15. Bg5 {CPLX 2.4 18 (d4-d5) (=9)} Bxc3 {BESTDEEP} 16. Rxc3 {RECAPT} Nbd7 {CPLX 2.4} 17. d5 {BESTDEEP} exd5 {CPLX 2.4 3 (h7-h6) (=3)} 18. Nh4 {[%cal Rc4d5] CPLX 2.5} d4 {CPLX 2.6} 19. Qxd4 {EASY} Bxg2 {EASY} 20. Kxg2 {RECAPT 21 (Nh4xg2) (=7)} Re8 {CPLX 2.6} 21. Re1 {CPLX 2.6 0 (e2-e4) (=7)} h6 {CPLX 2.6} 22. Bc1 {CPLX 2.8 6 (Bg5xf6) (=7)} Ne4 {CPLX 2.5 0 (a5-a4) (=2)} 23. Rf3 {CPLX 3.7 8 (Rc3-e3) (=7)} Qe7 {CPLX 4.1 23 (a5-a4) (=3)} 24. Re3 {And now f3 would win. BESTDEEP} Ndc5 {BESTDEEP} 25. f3 {CPLX 4.0} Qf6 {EASY} 26. Rd1 {CPLX 4.1} Qxd4 {CPLX 3.9} 27. Rxd4 {RECAPT} Nf6 {[%cal Be4f6,Bf6d7,Bd7e5,Be5c4][%mdl 32] CPLX 2.3 6 (Ne4-g5) (=3)} 28. Rxe8+ {MISS-Nh4-f5 4 (Nh4-f5) (=5)} Rxe8 {RECAPT} 29. e4 {RELBLUND 81 (Kg2-f2) (=9)} (29. Kf2 $11) 29... Nfd7 $1 $15 {CPLX 2.0=>BLUNDERREACT} 30. b3 {[#] CPLX 2.0 25 (Rd4-d2) (=10)} Ne5 $1 {CPLX 2.0} 31. Nf5 {[#] CPLX 2.0} a4 $1 {DEEPSTRONG} 32. bxa4 {CPLX 2.5 106 (b3-b4) (=13)} (32. b4 $17 Ne6 33. Rd1) 32... Ne6 {Pair of Knights! CPLX 2.4 120 (Re8-a8) (=7)} ({Stronger than} 32... Nxa4 33. Bf4 $17) (32... Ra8 $19 33. Bf4 Nc6) 33. Rd5 $1 {CPLX 2.7=>BLUNDERREACT} Ra8 {Prevents a5. BESTDEEP} 34. a5 {BESTDEEP} (34. Ne7+ $2 Kf8 35. Nf5 Rxa4 $17) 34... Nxc4 {EASY} 35. axb6 $1 {DEEPSTRONG} Rxa2+ {EASY} 36. Rd2 $1 {DEEPSTRONG} Rxd2+ {DEEPSTRONG} (36... Nxd2 $2 37. b7 Nc4+ 38. Kf1 Nd2+ 39. Kf2 $18) 37. Bxd2 {Hoping for b7. RECAPT} Nxb6 {CPLX 2.4} (37... Nxd2 $2 38. b7 Nxe4 39. fxe4 $18) 38. g4 {Weighted Error Value: White=0.12 (very precise) /Black=0.06 (flawless)} *

[Event "ESP-ch Teams Primera 2022"]
[Site "Sanxenxo Pontevedra"]
[Date "2022.09.19"]
[Round "3.14"]
[White "Suarez Gomez, Julio"]
[Black "Martin Duque, Jesus"]
[Result "1-0"]
[ECO "B48"]
[WhiteElo "2440"]
[BlackElo "2378"]
[Annotator "TA"]
[PlyCount "51"]
[EventDate "2022.09.17"]
[EventType "team-tourn"]
[EventCountry "ESP"]
[SourceTitle "playchess.com"]
[Source "ChessBase"]
[SourceQuality "1"]
[TimeControl "5400+30"]

1. e4 c5 2. Nf3 e6 3. d4 cxd4 4. Nxd4 Nc6 5. Nc3 Qc7 6. Be3 a6 7. a3 b5 8. Nxc6 Qxc6 9. Be2 {9.Bd3 injects fresh life into this line.} Bb7 {BESTDEEP. B49: Sicilian: Taimanov: 5 Nc3 Qc7 6 Be3 a6 7 Be2.} 10. O-O {CPLX 2.3 6 (Be3-d4) (=3)} Rc8 {BESTDEEP} 11. Qd2 {CPLX 2.4 13 (Be3-d4) (=6)} b4 {RELBLUND 82 (Bf8-c5) (=27)} (11... Bc5 $11 {keeps the balance.}) 12. axb4 $16 {EASY} Bxb4 {[#] RECAPT} 13. Qd4 $146 {CPLX 2.7} ({Predecessor:} 13. Bd4 Nf6 14. Bf3 Bxc3 15. Bxc3 Nxe4 16. Qd4 Nxc3 17. bxc3 d5 18. Qxg7 Qxc3 19. Qg3 {½-½ (45) Karthikeyan,M (2630)-Kacharava,N (2469) Castelldefels 2021}) 13... Bxc3 {EASY} 14. bxc3 {RECAPT} Nf6 {EASY} 15. Bd3 {CPLX 2.9 28 (Rf1-b1) (=7)} Qxc3 {CPLX 2.8 49 (0-0) (=19)} (15... O-O $14) 16. Qxc3 {RECAPT} Rxc3 {RECAPT} 17. Rfb1 {CPLX 2.4} Bc8 {CPLX 2.7} 18. Rb8 {[%mdl 1024] White has strong compensation. CPLX 2.4 0 (Be3-d2) (=5)} O-O {[#] CPLX 2.6} 19. Bd2 $1 {DEEPSTRONG} Rc6 {[#] CPLX 3.1} 20. e5 {CPLX 2.8} Nd5 {CPLX 2.9} 21. c4 $36 {[%cal Bc2c4,Bc4c5][%mdl 2080] White is on the roll. White is much more active. EASY} Nb6 {This move loses the game for Black. CPLX 2.8 214 (Nd5-e7) (=27)} (21... Ne7 $16 {was worth a try.}) 22. Bb4 $18 {EASY} d6 {BESTDEEP} 23. Bxd6 {This bishop pair is nice. CPLX 2.9} ({Don't do} 23. exd6 $6 Nd7 24. Ra8 Bb7 $18) 23... Nd7 {Hoping for ...Rxd6. EASY} 24. Ra8 {CPLX 3.0} ({Less strong is} 24. Bxf8 Nxb8 25. Bd6 Rb6 $16) 24... Re8 {CPLX 2.6 52 (Nd7-b6) (=25)} 25. c5 {BESTDEEP} f5 $2 {MISS-Nd7xc5 244 (Nd7xc5) (=38)} (25... Nxc5 26. Rc1 Bd7) 26. Be2 {Weighted Error Value: White=0.03 (flawless) /Black=0.51} 1-0